 Dungeon Crawl Stone Soup version 0.29-a0-575-g0dc89cf053 (webtiles) character file.

Game seed: 1232203987408079989

54 YayAnonymity the Ruffian (level 3, 0/33 HPs)
             Began as a Ghoul Monk on June 12, 2022.
             Slain by Terence
             ... wielding a +0 mace
              (7 damage)
             ... on level 2 of the Dungeon.
             The game lasted 00:02:40 (1099 turns).

YayAnonymity the Ruffian (Ghoul Monk)               Turns: 1099, Time: 00:02:40

Health: 0/33       AC:  6    Str: 14    XL:     3   Next: 91%
Magic:  2/2        EV: 11    Int:  7    God:
Gold:   66         SH:  0    Dex: 11    Spells: 2/2 levels left

rFire   . . .      SeeInvis .     - Unarmed
rCold   + . .      Faith    .   (no shield)
rNeg    + + +      Spirit   .   f - +0 ring mail
rPois   ∞          Reflect  .   (no helmet)
rElec   .          Harm     .   (no cloak)
rCorr   .          Rampage  .   (no gloves)
Will    .....                   l - +0 pair of boots
Stlth   +.........              (no amulet)
HPRegen 0.00/turn               (no ring)
MPRegen 0.08/turn               (no ring)

@: inhibited regen
A: claws 1, cold resistance 1, negative energy resistance 3, inhibited
regeneration, torment resistance 2, devour on kill
a: no special abilities


You were on level 2 of the Dungeon.
You visited 1 branch of the dungeon, and saw 2 of its levels.

You collected 66 gold pieces.

Inventory:

Hand Weapons
 b - a +1 dagger of electrocution
Missiles
 j - 9 poisoned darts (quivered)
Armour
 f - a +0 ring mail (worn)
 l - a +0 pair of boots (worn)
Scrolls
 c - 2 scrolls of teleportation {unknown}
 g - a scroll of vulnerability {unknown}
 h - a scroll of identify {unknown}
 k - 2 scrolls of immolation {unknown}
Potions
 a - a potion of brilliance {unknown}
 d - a potion of flight {unknown}
 e - a potion of ambrosia
 i - a potion of lignification {unknown}


   Skills:
 + Level 3.7 Fighting
 + Level 1.1 Armour
 + Level 3.1 Dodging
 - Level 2.1 Stealth
 * Level 4.1 Unarmed Combat


You had 2 spell levels left.
You didn't know any spells.
Your spell library was empty.

Dungeon Overview and Level Annotations

Branches:
Dungeon (2/15)

Altars:

Annotations:
D:2 Terence


Innate Abilities, Weirdness & Mutations

You are immune to poison.
You have sharp fingernails.
Your flesh is cold resistant. (rC+)
You are immune to negative energy. (rN+++)
You do not regenerate when monsters are visible.
You are immune to unholy pain and torment.
You thrive by killing the living.


Message History

You scratch the quokka.
You kill the quokka!
You feel better.
You scratch Terence.
Terence is lightly wounded.
Terence closely misses you.
You scratch Terence. You claw Terence!
Terence is severely wounded.
Terence closely misses you.
You scratch Terence but do no damage.
Terence is severely wounded.
Terence barely misses you.
You barely miss Terence.
Terence is severely wounded.
Terence completely misses you.
You scratch Terence but do no damage.
Terence is severely wounded.
Terence hits you with a +0 mace.
You scratch Terence but do no damage.
Terence is severely wounded.
Terence hits you with a +0 mace!
You scratch Terence.
Terence is almost dead.
You scratch Terence but do no damage.
Terence is almost dead.
Terence hits you with a +0 mace.
You scratch Terence.
Terence is almost dead.
Terence closely misses you.
You scratch Terence but do no damage.
Terence is almost dead.
Terence hits you with a +0 mace.
You barely miss Terence.
Terence is almost dead.
Terence hits you with a +0 mace.
* * * LOW HITPOINT WARNING * * *
You closely miss Terence.
Terence is almost dead.
Terence hits you with a +0 mace!
You die...

...........$#
............###
#.....$......
#.........#
#.........#
###.....$...#
..........###
#######@######
#@.....####
###........
#.##.#### #.##.#
#.##.# #.##.#
#######.##.#
......<>...#####
...............#


You could see Terence.

Vanquished Creatures
  2 adders (D:2)
  A dart slug (D:1)
  4 ball pythons
  6 endoplasms
  2 giant cockroaches
  A goblin (D:2)
  4 hobgoblins
  A quokka (D:2)
  A bat (D:1)
  4 frilled lizards (D:1)
  5 kobolds
  2 rats (D:1)
33 creatures vanquished.

Notes
Turn   | Place    | Note
-------+----------+-------------------------------------------
     0 | D:1      | YayAnonymity the Ghoul Monk began the quest for the Orb.
     0 | D:1      | Reached XP level 1. HP: 19/19 MP: 0/0
    84 | D:1      | Reached XP level 2. HP: 26/26 MP: 1/1
   610 | D:1      | Reached XP level 3. HP: 30/31 MP: 2/2
   869 | D:2      | Reached skill level 1 in Armour
   869 | D:2      | Reached skill level 4 in Unarmed Combat
  1078 | D:2      | Noticed Terence
  1099 | D:2      | Slain by Terence

Illustrated notes

Levels and vault maps discovered:
D:1:      dpeg_arrival_rooms_c, layout_loops_ring
D:2:      layout_loops_ring, serial_shops, nicolae_shop_bloodbath_and_beyond,
          uniq_terence

Skill      XL: |  1  2  3 |
---------------+----------+-----
Dodging        | 3 |  3.1
Armour         | 1 |  1.1
Unarmed Combat | 4 |  4.1
Fighting       | |  3.7
Stealth        | |  2.1

Action                   || total
-------------------------++-------
Melee: Unarmed           ||   103
       Dagger            ||     3
       Punch             ||     4
 Stab: Sleeping          ||     3
Armor: Ring mail         ||    26
Dodge: Dodged            ||    63

Table legend: (Time is in decaauts)
 A = Elapsed time spent in this place.
 B = Non-inter-level travel time spent in this place.
 C = Inter-level travel time spent in this place.
 D = Time resting spent in this place.
 E = Time spent auto-exploring this place.
 F = Levels seen in this place.
 G = Mean time per level.
                   A        B        C        D        E       F      G
               +--------+--------+--------+--------+--------+-----+--------+
         Total |   1090 |   1064 |     26 |      0 |    823 |   2 |  545.0 |
       Dungeon |   1090 |   1064 |     26 |      0 |    823 |   2 |  545.0 |
               +--------+--------+--------+--------+--------+-----+--------+

Top non-repeatable levels by time:
     D:1: 837 daAuts
     D:2: 253 daAuts
